 Dungeon Crawl Stone Soup version 0.32-a0-931-g5a2cda0630 (webtiles) character file.

Game seed: 11027903206495343036

1638 Meejax the Slasher (level 8, -1/100 HPs)
             Began as a Demonspawn Gladiator on Apr 13, 2024.
             Was an Initiate of Gozag.
             Succumbed to a kobold brigand's poison
             ... on level 7 of the Dungeon.
             The game lasted 00:11:56 (7802 turns).

Meejax the Slasher (Demonspawn Gladiator)           Turns: 7802, Time: 00:11:57

Health: -1/100     AC: 16    Str: 17    XL:     8   Next: 66%
Magic:  7/7        EV:  5    Int:  9    God:    Gozag
Gold:   922        SH:  0    Dex: 14    Spells: 7/7 levels left

rFire   . . .        a - +1 long sword
rCold   . . .        (no shield)
rNeg    . . .        g - +0 plate armour
rPois   .            c - +0 helmet
rElec   .            (no cloak)
rCorr   .            i - +0 pair of gloves
SInv    .            (no boots)
Will    .....        (no amulet) Stlth
                     (no ring)
HPRegen 0.36/turn    (no ring)
MPRegen 0.10/turn

%: no passive effects
@: berserking, lethally poisoned (-1 -> -8), hasted, wreathed by umbra, very
quick
A: rugged brown scales 1, powered by pain 2, foul shadow 2, low MP 1, mutation
resistance 1, robust 1
a: Renounce Religion, Potion Petition, Call Merchant, Bribe Branch


You were on level 7 of the Dungeon.
You worshipped Gozag.
Gozag was pleased with you.
You visited 1 branch of the dungeon, and saw 7 of its levels.

You collected 922 gold pieces.

Inventory:

Hand Weapons
 a - a +1 long sword (weapon)
Missiles
 d - 2 throwing nets (quivered)
 e - 11 javelins
Armour
 b - a +0 leather armour
 c - a +0 helmet (worn)
 g - a +0 plate armour (worn)
 i - a +0 pair of gloves (worn)
Jewellery
 t - a +6 ring of intelligence
Wands
 f - a wand of digging (5)
 r - a wand of light (9)
Scrolls
 m - a scroll of teleportation
 n - 2 scrolls of immolation
 o - 2 scrolls of poison
 s - a scroll of identify
 v - a scroll of revelation
Potions
 h - 2 potions of haste
 j - 2 potions of degeneration
 l - a potion of resistance
 u - a potion of enlightenment


   Skills:
 + Level 4.3 Fighting
 + Level 6.5 Long Blades
 + Level 2.0 Throwing
 * Level 6.4 Armour
 + Level 3.9 Dodging


You had 7 spell levels left.
You didn't know any spells.
Your spell library contained the following spells:

 Spells                   Type           Power      Damage    Failure   Level
 Apportation              Tloc           0%         N/A       100%        1
 Necrotise                Necr           0%         1d4       100%        1
 Sting                    Conj/Alch      0%         1d3       100%        1
 Summon Small Mammal      Summ           0%         N/A       100%        1
 Call Canine Familiar     Summ           0%         N/A       100%        3
 Vampiric Draining        Necr           0%         2d6       100%        3
 Martyr's Knell           Necr/Summ      0%         N/A       100%        4
 Summon Blazeheart Golem  Fire/Summ      0%         N/A       100%        4
 Curse of Agony           Necr           0%         N/A       100%        5
 Summon Forest            Summ/Tloc      0%         N/A       100%        5
 Eringya's Noxious Bog    Alch           0%         4d6       100%        6
 Haunt                    Necr/Summ      0%         N/A       100%        7
 Summon Hydra             Summ           0%         N/A       100%        7
 Infestation              Necr           0%         N/A       100%        8
 Animate Dead             Necr           Unusable   N/A       N/A         4

Dungeon Overview and Level Annotations

Branches:
Dungeon (7/15)
 Temple: D:4-7

Altars:
Cheibriados
Gozag
Okawaru
Qazlal
Vehumet
Xom


Innate Abilities, Weirdness & Mutations

You are partially covered in rugged brown scales. (AC +1, +3% HP)
You sometimes gain power by taking damage.
You are shadowed, sometimes releasing foul flame when damaged in melee.
Your magical capacity is low. (-10% MP)
You are somewhat resistant to further mutation.
You are robust. (+10% HP)


Message History

* * * LOW HITPOINT WARNING * * *
You feel very sick.
* * * LOW HITPOINT WARNING * * *
You feel very sick.
A red film seems to cover your vision as you go berserk!
You feel yourself moving faster!
You feel mighty!
* * * LOW HITPOINT WARNING * * *
You feel very sick.
The killer bee stings you but does no damage.
The killer bee barely misses you.
You barely miss the killer bee.
The killer bee is lightly wounded.
* * * LOW HITPOINT WARNING * * *
You feel very sick.
The killer bee stings you but does no damage.
You slash the killer bee!
The killer bee is almost dead.
* * * LOW HITPOINT WARNING * * *
You feel very sick.
The killer bee stings you but does no damage. x2
Unknown command.
You miss the killer bee.
The killer bee is severely wounded.
* * * LOW HITPOINT WARNING * * *
You feel sick. The killer bee barely misses you.
You miss the killer bee.
The killer bee is severely wounded.
* * * LOW HITPOINT WARNING * * *
You feel very sick.
The killer bee stings you but does no damage.
The killer bee barely misses you.
You closely miss the killer bee.
The killer bee is severely wounded.
* * * LOW HITPOINT WARNING * * *
You feel sick.
The killer bee stings you but does no damage.
You miss the killer bee.
The killer bee is severely wounded.
You die...
Your body crumbles into a pile of gold.

#.# #.#.# .# #.#.# #.#+## .#
.#.#.# .#.#.#.#.#.#...# .#
.#.#.#.#.#.#.#.#.#.#.#....#
##.#.#.#.#.#.#.#.#.#.#.#...##.
##.#.#.#(#.#.#.#.#.#.#.#'...##.
...g....#K#K#.#.#.#.#.#.#...##.
gg#..>..#.#K#.#.#.#.#.#.#'###.
.......#.#$#y#.#.#.#.#.#.#....
#.#g...'#y#.#@#.#.#.#'#.#.###.
#.y.y.#y#.#.#.#.#.#.)...#....
#'#g#.#.#.#.#.#########...
#.#.#.#'#.#.## ###.
#K#.#.........# ###.
#.#.#.......#..# #...
###.#..........# #...
####.........# #... #.......#.#
#..#


You could see a kobold brigand, a killer bee and a kobold.

Vanquished Creatures
  Sigmund (D:4)
  A steam dragon (D:6)
  Menkaure (D:6)
  A water moccasin (D:5)
  A black bear (D:5)
  Pargi (D:3)
  A centaur (D:6)
  A scorpion (D:4)
  A killer bee (D:7)
  3 bombardier beetles
  A hound (D:4)
  2 jellies
  Crazy Yiuf (D:6)
  2 orc priests
  4 iguanas
  Terence (D:2)
  3 orc wizards
  8 gnolls
  6 adders
  A shadow imp (D:4)
  A white imp (D:5)
  2 ufetubi (D:7)
  5 dart slugs
  2 ribbon worms (D:3)
  18 orcs
  4 bats
  5 endoplasms
  4 giant cockroaches
  6 goblins
  5 hobgoblins
  4 jackals (D:1)
  8 kobolds
  3 quokkas
  6 ball pythons
  2 frilled lizards (D:2)
  4 rats
120 creatures vanquished.

Vanquished Creatures (others)
  An angel (D:5)
1 creature vanquished.

Grand Total: 121 creatures vanquished

Notes
Turn   | Place    | Note
-------+----------+-------------------------------------------
     0 | D:1      | Meejax the Demonspawn Gladiator began the quest for the
                  | Orb.
     0 | D:1      | Reached XP level 1. HP: 16/16 MP: 1/1
   161 | D:1      | Gained mutation: You sometimes gain a little power by
                  | taking damage. [demonic ancestry]
   161 | D:1      | Reached XP level 2. HP: 22/22 MP: 2/2
  1007 | D:2      | Gained mutation: You sometimes gain power by taking damage.
                  | [demonic ancestry]
  1007 | D:2      | Reached XP level 3. HP: 27/27 MP: 3/3
  1060 | D:2      | Found a faded altar of an unknown god.
  1247 | D:2      | You fall into a shaft and drop 2 floors!
  1251 | D:4      | Noticed Sigmund
  1260 | D:4      | Killed Sigmund
  1261 | D:4      | Gained mutation: You are faintly shadowed, very rarely
                  | releasing foul flame when damaged in melee. [demonic
                  | ancestry]
  1261 | D:4      | Reached XP level 4. HP: 26/34 MP: 4/4
  1261 | D:4      | Reached XP level 5. HP: 29/39 MP: 5/5
  1940 | D:2      | Prayed at the altar of an unknown god.
  1940 | D:2      | Became a worshipper of Gozag Ym Sagoz the Greedy
  2126 | D:2      | Noticed Terence
  2132 | D:2      | Killed Terence
  2133 | D:2      | Reached XP level 6. HP: 44/46 MP: 6/6
  3261 | D:3      | Noticed Pargi
  3276 | D:3      | Killed Pargi
  3424 | D:4      | Gained mutation: You are partially covered in rugged brown
                  | scales. (AC +1, +3% HP) [demonic ancestry]
  3424 | D:4      | Reached XP level 7. HP: 41/53 MP: 7/7
  3515 | D:4      | Reached skill level 5 in Long Blades
  3621 | D:4      | Found a stormy altar of Qazlal.
  3626 | D:4      | Found a radiant altar of Vehumet.
  4443 | D:4      | Found an iron altar of Okawaru.
  4583 | D:5      | Entered Level 5 of the Dungeon
  5079 | D:5      | Reached skill level 5 in Armour
  5299 | D:5      | Gained mutation: You are shadowed, sometimes releasing foul
                  | flame when damaged in melee. [demonic ancestry]
  5299 | D:5      | Reached XP level 8. HP: 40/61 MP: 8/8
  5622 | D:5      | Killed an angel
  5847 | D:5      | Found a shimmering altar of Xom.
  6551 | D:6      | Found a snail-covered altar of Cheibriados.
  7016 | D:6      | Noticed Menkaure
  7024 | D:6      | Killed Menkaure
  7105 | D:6      | Found a runed translucent door.
  7106 | D:6      | Noticed Crazy Yiuf
  7167 | D:6      | Killed Crazy Yiuf
  7286 | D:6      | Gained mutation: You are robust. (+10% HP) [potion of
                  | mutation]
  7286 | D:6      | Gained mutation: Your flesh is cold resistant. (rC+)
                  | [potion of mutation]
  7286 | D:6      | Gained mutation: Your magical capacity is low. (-10% MP)
                  | [potion of mutation]
  7287 | D:6      | Lost mutation: Your flesh is cold resistant. (rC+) [potion
                  | of mutation]
  7287 | D:6      | Lost mutation: Your magical capacity is low. (-10% MP)
                  | [potion of mutation]
  7287 | D:6      | Gained mutation: Your magical capacity is low. (-10% MP)
                  | [potion of mutation]
  7287 | D:6      | Gained mutation: You are somewhat resistant to further
                  | mutation. [potion of mutation]
  7799 | D:7      | HP: 5/100 [poisoned by a kobold brigand]
  7800 | D:7      | HP: 2/100 [poisoned by a kobold brigand]
  7802 | D:7      | Succumbed to a kobold brigand's poison

Illustrated notes

Levels and vault maps discovered:
D:1:      shiori_arrival_oz, layout_loops_corners, minivault_24,
          due_unseen_surprise
D:2:      minmay_wonky_spiral, layout_loops_ring, ebering_ecumenical_altar_hall,
          uniq_terence
D:3:      layout_loops_corners, uniq_pargi
D:4:      layout_basic, okawaru_altar_gauntlet_db, jmf_multi_god_temple,
          kennysheep_decorative_pillar, chequers_serial_rivers_micro_b,
          uniq_sigmund
D:5:      layout_layer_cave, nicolae_tso_swordbearing_angel,
          grunt_temple_overflow_order_and_chaos_1, kennysheep_pointless_box,
          serial_bayou_pond_c
D:6:      layout_loops_ring, slow_altar_2, uniq_crazy_yiuf_cottage,
          uniq_menkaure
D:7:      layout_basic, temple_hall

Skill      XL: |  1  2  3  4  5  6  7  8 |
---------------+-------------------------+-----
Dodging        | 3 |  3.9
Long Blades    | 3 4 5 6 |  6.5
Throwing       | 2 |  2.0
Armour         | 2 3 5 6 |  6.4
Fighting       | 3 4 |  4.3

Action                     |  1- 3 |  4- 6 |  7- 9 || total
---------------------------+-------+-------+-------++-------
  Melee: Long sword        |    67 |   166 |   251 ||   484
  Throw: Throwing net      |       |       |     1 ||     1
    Use: Scroll            |     2 |       |    11 ||    13
         Potion            |     1 |     2 |    13 ||    16
 Armour: Leather armour    |    16 |       |       ||    16
         Plate armour      |    40 |   219 |   415 ||   674
  Dodge: Dodged            |    23 |    67 |   141 ||   231

Table legend: (Time is in decaauts)
 A = Elapsed time spent in this place.
 B = Non-inter-level travel time spent in this place.
 C = Inter-level travel time spent in this place.
 D = Time resting spent in this place.
 E = Time spent auto-exploring this place.
 F = Levels seen in this place.
 G = Mean time per level.
                   A        B        C        D        E       F      G
               +--------+--------+--------+--------+--------+-----+--------+
         Total |   7909 |   7623 |    286 |   1203 |   5099 |   7 | 1129.9 |
       Dungeon |   7909 |   7623 |    286 |   1203 |   5099 |   7 | 1129.9 |
               +--------+--------+--------+--------+--------+-----+--------+

Top non-repeatable levels by time:
     D:5: 1592 daAuts
     D:3: 1470 daAuts
     D:6: 1354 daAuts
     D:1: 1171 daAuts
     D:4: 1107 daAuts
     D:2: 911 daAuts
     D:7: 301 daAuts
